 Dungeon Crawl Stone Soup version 0.24-a0-515-gbe7f5e2e8d (webtiles) character file.

Game seed: 1983405514224888395

544 Froggeryz the Chiller (level 7, -3/55 HPs)
             Began as a Naga Ice Elementalist on July 20, 2019.
             Was a Follower of Cheibriados.
             Slain by a wight
             ... wielding a +4 war axe of freezing
              (4 damage)
             ... on level 8 of the Dungeon on July 21, 2019.
             The game lasted 00:10:36 (3864 turns).

Froggeryz the Chiller (Naga Ice Elementalist)       Turns: 3864, Time: 00:10:36

Health: -3/55      AC:  4    Str: 15    XL:     7   Next: 27%
Magic:  4/13       EV:  9    Int: 19    God:    Cheibriados [*.....]
Gold:   72         SH:  0    Dex: 14    Spells: 10/14 levels left

rFire    . . .     SeeInvis +   (no weapon)
rCold    . . .     Gourm    .   (no shield)
rNeg     . . .     Faith    .   a - +1 robe
rPois    +         Spirit   .   (no helmet)
rElec    .         Reflect  .   (no cloak)
rCorr    .         Harm     .   (no gloves)
MR       +....                  (no barding)
Stlth    +.........             (no amulet)
HPRegen  0.18/turn              p - ring of protection from magic
MPRegen  0.13/turn              (no ring)

@: flying, very slightly contaminated, heavily drained, very slow
A: large, see invisible, deformed body, poison resistance, slowness 2, slow
metabolism 1, spit poison 1, AC +2
a: Spit Poison, Bend Time, Renounce Religion


You were on level 8 of the Dungeon.
You worshipped Cheibriados.
Cheibriados was aware of your devotion.
You were not hungry.

You visited 1 branch of the dungeon, and saw 6 of its levels.

You collected 267 gold pieces.
You spent 195 gold pieces at shops.

Inventory:

Armour
 a - a +1 robe (worn)
Jewellery
 p - a ring of protection from magic (left hand)
Wands
 r - a wand of iceblast (10)
 u - a wand of enslavement (2)
Scrolls
 f - a scroll of enchant armour
 h - 9 scrolls of identify
 j - 2 scrolls of immolation
 k - a scroll of remove curse
Potions
 b - 4 potions of flight
 d - 2 potions of mutation
 e - a potion of heal wounds
 g - a potion of ambrosia {unknown}
 l - a potion of berserk rage {unknown}
 m - a potion of invisibility {unknown}
 n - a potion of lignification {unknown}
 t - a potion of degeneration {unknown}
Comestibles
 c - 7 rations


   Skills:
 - Level 1.5(0.0) Dodging
 - Level 3.0(0.3) Stealth
 + Level 4.3(1.5) Spellcasting
   Level 1.0(0.0) Conjurations
 * Level 6.8(3.9) Ice Magic


You had 10 spell levels left.
You knew the following spells:

 Your Spells              Type           Power        Failure   Level  Hunger
a - Freeze                Ice            ###.         3%          1    #......
b - Ozocubu's Armour      Chrm/Ice       #.......     24%         3    ###....

Your spell library contained the following spells:

 Spells                   Type           Power        Failure   Level  Hunger
 Throw Frost              Conj/Ice       #.....       12%         2    ###....
 Summon Ice Beast         Ice/Summ       #.......     61%         4    #####..
 Throw Icicle             Conj/Ice       #.......     61%         4    #####..


Dungeon Overview and Level Annotations

Branches:
Dungeon (5/15)
 Temple: D:4-7

Altars:
Ashenzari
Cheibriados
Gozag
Qazlal
Ru

Shops:
D:5 }


Innate Abilities, Weirdness & Mutations

You cannot wear boots.
Your serpentine skin is tough. (AC +2)
You have supernaturally acute eyesight. (SInv)
Armour fits poorly on your strangely shaped body.
Your system is resistant to poisons. (rPois)
You cover ground very slowly.
You have a slow metabolism.
You can spit poison.


Message History

Casting: Freeze (safe; 2% risk of failure)
Confirm with . or Enter, or press ? or * to list all spells.
Aiming: Freeze (safe; 2% risk of failure)
Press: ? - help, Shift-Dir - straight line, f/p - wight
Aim: a wight, wielding a +4 war axe of freezing and wearing a +0 robe (almost destroyed)
The wight resists.
You freeze the wight.
The wight is almost destroyed.
The wight hits you with a +4 war axe of freezing.
You feel drained. The wight freezes you.
Casting: Freeze (safe; 2% risk of failure)
Confirm with . or Enter, or press ? or * to list all spells.
Aiming: Freeze (safe; 2% risk of failure)
Press: ? - help, Shift-Dir - straight line, f/p - wight
Aim: a wight, wielding a +4 war axe of freezing and wearing a +0 robe (almost destroyed)
The wight resists.
You freeze the wight.
The wight is almost destroyed.
The wight hits you with a +4 war axe of freezing!
* * * LOW HITPOINT WARNING * * *
You feel drained.
You die...

*,,,,,,,** *,#.# *.# *,,,,,,,,*
*,#.# *z# * *,,,,,,*,* *,#.#
*.# * *,,,,,,,,* *,#.# *z# *
*,,,,,,,,* *,#.# *z# *
*,,,,,,,,***,#)# *z# *
*,,,,,,,,,**,#.# *,* *
*,,,,,,,,,**,#z# *,* *
*,,,,,,*,,,,,#@# *,*
***,,,,,,,,,,,,#.# *,*
,,,,,,,,,,,,_,,#.# *,*
,,,,,,,,,,,,,,,#.# *,*
,,,,,,,,,,,,,,,#.# *,*
************,,,#.########.#
+,,,,,,,,,,,,,,#..........#
***,,,,******,>###..########***
* *,,,,* **,#<#..........,,*


You could see a wight.

Vanquished Creatures
  A black bear (D:5)
  4 crimson imps
  An orc wizard (D:4)
  An orc priest (D:4)
  A hound (D:4)
  An iguana (D:4)
  A worker ant (D:4)
  8 adders
  3 shadow imps (D:5)
  An adder skeleton (D:5)
  A worm (D:1)
  2 dart slugs
  2 leopard geckos
  3 orcs (D:4)
  A ball python (D:2)
  5 giant cockroaches
  3 hobgoblins
  7 jackals
  A quokka (D:4)
  5 bats
  6 frilled lizards
  4 goblins
  4 kobolds
  A leopard gecko skeleton (D:5)
  A quokka zombie (D:5)
  6 rats
74 creatures vanquished.

Vanquished Creatures (collateral kills)
  A wight (D:8)
1 creature vanquished.

Vanquished Creatures (others)
  A wight (D:8)
1 creature vanquished.

Grand Total: 76 creatures vanquished

Notes
Turn   | Place    | Note
-------+----------+-------------------------------------------
     0 | D:1      | Froggeryz the Naga Ice Elementalist began the quest for the
                  | Orb.
     0 | D:1      | Reached XP level 1. HP: 15/15 MP: 3/3
   496 | D:1      | Reached XP level 2. HP: 21/22 MP: 5/5
   818 | D:2      | Reached XP level 3. HP: 16/28 MP: 3/6
  1001 | D:2      | Found a shattered altar of Ashenzari.
  1008 | D:2      | Found a snail-covered altar of Cheibriados.
  1102 | D:2      | Reached skill level 4 in Ice Magic
  1496 | D:3      | Reached XP level 4. HP: 35/36 MP: 4/8
  1720 | D:3      | Upgraded the game from 0.24-a0-512-g2b48af375b to
                  | 0.24-a0-515-gbe7f5e2e8d
  1966 | D:3      | Found a stormy altar of Qazlal.
  2104 | D:2      | Became a worshipper of Cheibriados the Contemplative
  2290 | D:3      | Reached skill level 5 in Ice Magic
  2290 | D:3      | Reached XP level 5. HP: 42/42 MP: 6/9
  2598 | D:4      | Reached XP level 6. HP: 49/49 MP: 8/11
  2691 | D:4      | Reached * piety under Cheibriados
  2773 | D:4      | Learned a level 3 spell: Ozocubu's Armour
  2781 | D:4      | Found a sacrificial altar of Ru.
  3025 | D:4      | Noticed a phantom
  3039 | D:5      | Entered Level 5 of the Dungeon
  3065 | D:5      | Found a snail-covered altar of Cheibriados.
  3093 | D:5      | Found Jodghiod's Gadget Emporium.
  3138 | D:5      | Reached skill level 6 in Ice Magic
  3141 | D:5      | Bought a wand of enslavement (11) for 195 gold pieces
  3420 | D:5      | Found an opulent altar of Gozag.
  3440 | D:5      | Noticed a black bear
  3534 | D:5      | Killed a black bear
  3534 | D:5      | Reached XP level 7. HP: 49/55 MP: 3/13
  3749 | D:5      | You fall into a shaft and drop 3 floors!
  3864 | D:8      | HP: 1/55 [wight/+4 war axe of freezing (17)]
  3864 | D:8      | Slain by a wight

Levels and vault maps discovered:
D:1:      ncdulo_smallfort, layout_rooms, grunt_decor_clamped
D:2:      layout_rooms, amethyst_overflow_temple_binary, hex_large,
          kennysheep_cluttered_room
D:3:      layout_loops_cross, lemuel_coloured_pillars_altar, first_ration,
          kennysheep_generic_room_2
D:4:      layout_loops_ring, nicolae_ru_path_of_blood
D:5:      layout_loops_ring, kennysheep_little_box, basic_altar, serial_shops,
          shop_fountains
D:8:      layout_basic, serial_shops, shop, basic_altar, chei_slow_surprise

Skill      XL: |  1  2  3  4  5  6 |
---------------+-------------------+-----
Ice Magic      | 4 5 6 |  6.8
Spellcasting   | 3 4 |  4.3
Dodging        | |  1.5
Stealth        | |  3.0
Conjurations   | |  1.0

Action                   |  1- 3 |  4- 6 |  7- 9 || total
-------------------------+-------+-------+-------++-------
Melee: Unarmed           |    28 |    84 |     7 ||   119
 Cast: Freeze            |    26 |    86 |    12 ||   124
       Ozocubu's Armour  |       |     5 |     1 ||     6
 Abil: Spit Poison       |    10 |    13 |     1 ||    24
Evoke: Wand              |       |       |    10 ||    10
  Use: Scroll            |       |     3 |     6 ||     9
       Potion            |       |       |     3 ||     3
 Stab: Sleeping          |     5 |     3 |       ||     8
  Eat: Chunk             |     1 |     6 |     2 ||     9
Armor: Robe              |     4 |    50 |     4 ||    58
Dodge: Dodged            |    27 |    66 |     7 ||   100

Table legend:
 A = Non-vault XP
 B = Vault XP
 C = Vault XP percentage of total XP
 D = Non-vault monster count
 E = Vault monster count
 F = Vault count percentage of total count
                 A         B        C        D         E       F
            +---------+---------+-------+---------+---------+-------
      Total |     776 |       2 |   0.3 |      74 |       1 |   1.3
            +---------+---------+-------+---------+---------+-------
        D:1 |      22 |       0 |   0.0 |      10 |       0 |   0.0
        D:2 |      46 |       0 |   0.0 |      15 |       0 |   0.0
        D:3 |     128 |       2 |   1.5 |      19 |       1 |   5.0
        D:4 |     233 |       0 |   0.0 |      14 |       0 |   0.0
        D:5 |     271 |       0 |   0.0 |      14 |       0 |   0.0
        D:8 |      76 |       0 |   0.0 |       2 |       0 |   0.0
            +---------+---------+-------+---------+---------+-------
